[Event "*** Titled Tuesday Blitz"]
[Site "Chess.com"]
[Date "2020.05.12"]
[Round "3"]
[White "UmutErdemGunduz"]
[Black "HrvojeZagreb"]
[Result "0-1"]
[WhiteElo "2388"]
[BlackElo "2178"]
[TimeControl "180+1"]
[EndTime "10:29:23 PDT"]
[Termination "HrvojeZagreb won by checkmate"]

1. e4 e6 2. d4 d5 3. Nc3 dxe4 4. Nxe4 Nd7 5. Nf3 Ngf6 6. Bd3 b6 7. Bg5 Be7 8. Bxf6 Nxf6 9. Qe2 Bb7 10. O-O-O Nxe4 11.
Bxe4 Bxe4 12. Qxe4 Qd5 13. Rhe1 O-O-O 14. Ne5 Qxe4 15.
Rxe4 Rhf8 16. Nc6 Rd7 17. Nxa7+ Kb7 18. Nb5 Ra8 19. a3 c6 20. Nc3 Rad8 21. Ne2 c5 22.
Rd3 cxd4 23. Rexd4 Rxd4 24. Nxd4 Bg5+ 25. Kd1 Bf6 26.
Nb5 Rxd3+ 27. cxd3 Bxb2 28. d4 Kc6 29. a4 Kd5 30. Kc2 Bxd4 31. f3 Bg1 32. h4 h5 33.
Kd3 Bf2 34. Nc3+ Kc6 35. Ne4 Bxh4 36. Nd2 Be7 37. Nc4 Bf6 38. Ne3 g6 39. Ke4 Bg7 40. g4 f5+ 41. gxf5 exf5+ 42. Kd3 Kd6 43. Ng2 Ke5 44. Nh4 Kf6 45. f4 Bh6 46. Ng2 g5 47.
fxg5+ Bxg5 48. Kc4 h4 49. Ne1 h3 50. Nf3 Bf4 51.
Kb5 h2 52. Nxh2 Bxh2 53. Kxb6 f4 54. a5 f3 55. a6 Bg1+ 56. Kb7 Be3 57. a7 Bxa7 58.
Kxa7 f2 59. Kb7 f1=Q 60. Kc8 Qe2 61. Kb8 Qc4 62. Ka8 Qb5 63. Ka7 Ke7 64. Ka8 Kd7 65.
Ka7 Kc7 66. Ka8 Qb7# 0-1

[Event "*** Titled Tuesday Blitz"]
[Site "Chess.com"]
[Date "2020.05.12"]
[Round "3"]
[White "InitiatingASC"]
[Black "blitzking1729"]
[Result "1-0"]
[WhiteElo "2323"]
[BlackElo "2512"]
[TimeControl "180+1"]
[EndTime "10:29:24 PDT"]
[Termination "InitiatingASC won by resignation"]

1. d4 d5 2. c4 e6 3. Nc3 c5 4. cxd5 exd5 5. Nf3 Nc6 6. g3 Nf6 7. Bg2 cxd4 8. Nxd4 Bc5 9. Nxc6 bxc6 10. O-O O-O 11. Na4 Bb6 12. b3 h5 13. Bb2 h4 14. Bd4 h3 15. Bf3 Re8 16. Rc1 Bd7 17. Qd3 Rb8 18.
Rfd1 Qe7 19. Nc5 Bg4 20. Bxf6 gxf6 21. Bxg4 Bxc5 22. e3 Rbd8 23. Bxh3 d4 24. Qc4 Ba3 25. Rc2 dxe3 26. Rxd8 Rxd8 27. Qg4+ Kf8 28. Re2 exf2+ 29. Kxf2 Qc5+ 30. Kg2 Qd5+ 31. Qf3 Bb4 32. Qxd5 cxd5 33. Bf5 d4 34. Bd3 Rc8 35. Rc2 Rxc2+ 36. Bxc2 a5 37. Kf3 Kg7 38. Ke4 Bc3 39. Kf5 Bb4 40. Bd3 Bc3 41. h4 Be1 42. Kg4 Bb4 43. h5 Bd6 44.
Kf3 Kh6 45. g4 Kg5 46. Bf5 Bb4 47. Ke4 Bc3 48. Kd3 Kh6 49. Kc4 Bb2 50. Kb5 Bc3 51. a3 Kg5 52. b4 axb4 53. axb4 d3 54. Bxd3 Kxg4 55. h6 f5 56. h7 Kg5 57. Kc4 Be5 58. Kd5 Bb2 59. b5 Kg6 60. b6 Kxh7 61. b7 1-0

[Event "*** Titled Tuesday Blitz"]
[Site "Chess.com"]
[Date "2020.05.12"]
[Round "3"]
[White "DonBroca"]
[Black "Muguet7"]
[Result "1/2-1/2"]
[WhiteElo "2233"]
[BlackElo "2470"]
[TimeControl "180+1"]
[EndTime "10:29:24 PDT"]
[Termination "Game drawn by agreement"]

1. e4 c5 2. d4 cxd4 3. c3 Nf6 4. e5 Nd5 5. Nf3 e6 6. Bc4 d6 7. O-O Be7 8. Bxd5 exd5 9. cxd4 O-O 10. Nc3 Be6 11.
Re1 Nc6 12. Bf4 dxe5 13. Nxe5 Rc8 14. Rc1 Qb6 15. Nxc6 bxc6 16. Qd2 Bf6 17. Be5 Bxe5 18. Rxe5 c5 19. Na4 Qb4 20. Qxb4 cxb4 21. Nc5 Rc6 22. Rce1 Rd8 23. f4 g6 24. Nxe6 fxe6 25. Rxe6 Rc2 26. R1e2 Rdc8 27. Kf2 R8c4 28. Rxc2 Rxc2+ 29. Re2 Rc4 30.
Ke3 Kf7 31. Kd3 Kf6 32. g4 Rc1 33. Re5 Rd1+ 34. Ke3 Rb1 35. Rxd5 Rxb2 36. Rd6+ Kg7 37. Ra6 Rxh2 38. Rxa7+ Kf6 39. Ra6+ Ke7 40. Ke4 Re2+ 41. Kd5 Rf2 42. Ke4 Re2+ 43. Kf3 Rh2 44. Rb6 Rxa2 45.
Rxb4 Ra7 46. Ke4 Kf7 47. Rb6 Re7+ 48. Kf3 Rd7 49. Ke4 Re7+ 50. Kd3 Kg7 51. d5 h5 52.
gxh5 gxh5 53. d6 Re1 54. Rb7+ Kf6 55. Kd2 Re4 56. d7 Ke7 57. Kd3 Rxf4 58. d8=Q+ Kxd8 59. Rh7 Rh4 60. Ke3 Ke8 61. Kf3 Kf8 62. Kg3 Rh1 63.
Kg2 Rh4 64. Kg3 Rg4+ 65. Kh3 Rg5 66. Kh4 Rg1 67. Rxh5 Kf7 68. Rb5 Kg6 69. Rb6+ Kf5 70. Rb5+ Kf4 71. Rb4+ Kf5 72. Rb5+ Kf4 1/2-1/2

[Event "*** Titled Tuesday Blitz"]
[Site "Chess.com"]
[Date "2020.05.12"]
[Round "3"]
[White "BabyBoss31"]
[Black "ShieldingOff"]
[Result "1-0"]
[WhiteElo "2305"]
[BlackElo "2012"]
[TimeControl "180+1"]
[EndTime "10:29:24 PDT"]
[Termination "BabyBoss31 won on time"]

1. d4 c5 2. d5 e5 3. e4 d6 4. Nc3 a6 5. a4 Be7 6. a5 Bg5 7. Bxg5 Qxg5 8. Nf3 Qd8 9. Nd2 Ne7 10. Nc4 Ng6 11. g3 Qc7 12. Be2 O-O 13. O-O Bh3 14. Re1 Nd7 15. Bg4 Bxg4 16. Qxg4 Nf6 17. Qf3 h6 18.
Reb1 Nd7 19. Na4 Ne7 20. Nab6 Rad8 21. b4 f5 22. bxc5 Nxc5 23. exf5 Nxf5 24. Qg4 Nd4 25. Ne3 Qf7 26. Rf1 Nf3+ 27. Kg2 e4 28. Nbc4 Qf6 29.
Rad1 Kh8 30. Nd2 Qe5 31. Nec4 Qc3 32. Nxe4 Nxe4 33. Qxe4 Ng5 34. Qd3 Qf6 35. Nd2 Rc8 36. h4 Rc3 37. hxg5 Qe5 38. Qe4 Qxg5 39. Nf3 Rcxf3 40.
Qxf3 Rxf3 41. Kxf3 Qf5+ 42. Ke3 Qxc2 43. Rd2 Qb3+ 44.
Ke2 Qc4+ 45. Ke1 Qc1+ 46. Ke2 Qc4+ 47. Rd3 Qb4 48. Rc1 Qxa5 49. Rc8+ Kh7 50. Rb8 Qb5 51.
Ke3 a5 52. Ra8 a4 53. Rc3 Qb4 54. Rcc8 b5 55. Rh8+ Kg6 56. Rae8 Qc5+ 57. Kf3 Qxd5+ 58. Kg4 Qf5+ 59. Kh4 Qxf2 60. Kg4 1-0

[Event "*** Titled Tuesday Blitz"]
[Site "Chess.com"]
[Date "2020.05.12"]
[Round "3"]
[White "Firouzja2003"]
[Black "WildBizon"]
[Result "0-1"]
[WhiteElo "3147"]
[BlackElo "2707"]
[TimeControl "180+1"]
[EndTime "10:29:25 PDT"]
[Termination "WildBizon won on time"]

1. e4 c5 2. Nf3 Nc6 3. d4 cxd4 4. Nxd4 Nf6 5. Nc3 d6 6. Bg5 e6 7. Qd2 a6 8. O-O-O Bd7 9. f4 h6 10. Bh4 Nxe4 11. Qe1 Nf6 12. Nf5 Qa5 13. Nxd6+ Bxd6 14. Rxd6 Qc7 15. Qd2 O-O-O 16. Be2 Ne7 17. Rd1 Bc6 18. Rxd8+ Rxd8 19. Qxd8+ Qxd8 20. Rxd8+ Kxd8 21. g4 Kd7 22. g5 Ne4 23. Nxe4 Bxe4 24. gxh6 gxh6 25. c4 Nf5 26. Bf2 Bc6 27. Kd2 Nd6 28. Bd4 Ke7 29. b3 Nf5 30.
Bb2 Nh4 31. Ke3 Ng2+ 32. Kd4 Nxf4 33. Bd1 f6 34. Ba3+ Kd7 35. Bf8 e5+ 36. Ke3 h5 37. Bh6 Ng2+ 38. Kf2 h4 39. Bg4+ Ke7 40. b4 Be4 41. b5 f5 42. Bd1 axb5 43. cxb5 Kd6 44. a4 Nf4 45. Bf8+ Kd5 46. Bb3+ Kd4 47. a5 Nd3+ 48.
Kg1 f4 49. a6 bxa6 50. bxa6 f3 51. h3 f2+ 52. Kf1 Ke3 53. Bd1 Kd2 54. Bg4 Ke3 55. Bh6+ Nf4 0-1

[Event "*** Titled Tuesday Blitz"]
[Site "Chess.com"]
[Date "2020.05.12"]
[Round "3"]
[White "DanielDardha2005"]
[Black "Kostya26"]
[Result "1-0"]
[WhiteElo "2610"]
[BlackElo "2396"]
[TimeControl "180+1"]
[EndTime "10:29:25 PDT"]
[Termination "DanielDardha2005 won by resignation"]

1. Nf3 d5 2. c4 e6 3. d4 Nf6 4. Nc3 c6 5. Bg5 Nbd7 6. e3 Qa5 7.
Nd2 Bb4 8. Qc2 c5 9. dxc5 Qxc5 10. Bxf6 Nxf6 11. a3 Bxc3 12. Qxc3 O-O 13. Be2 b6 14.
O-O Bb7 15. b4 Qe7 16. cxd5 Nxd5 17. Qb2 Rfd8 18. Rfd1 Qg5 19. Bf3 Rac8 20. Rac1 h6 21. Rxc8 Rxc8 22. Rc1 Qd8 23. g3 Rc7 24. Nb3 Qc8 25.
Rxc7 Qxc7 26. Qc1 Qxc1+ 27. Nxc1 Kf8 28. Bg2 Ke7 29. Kf1 Kd6 30. Ke1 a5 31. Kd2 axb4 32.
axb4 Bc6 33. Bxd5 Bxd5 34. Kd3 Kc6 35. e4 Bxe4+ 36. Kxe4 Kb5 37. Nd3 Kc4 38. f4 f6 39.
g4 g6 40. h4 b5 41. Nc5 Kxb4 42. Nxe6 Kc4 43. g5 fxg5 44. h5 gxh5 45. f5 b4 46. Nd4 h4 47. f6 h3 48. Kf3 Kxd4 49. f7 b3 50. f8=Q Kc3 51. Qc5+ Kd2 52. Qb4+ Kc2 53. Qc4+ Kb2 54. Kg3 Ka3 55. Kxh3 b2 56. Qc2 Ka2 57. Kg4 Ka1 58. Qa4+ Kb1 59. Kf3 Kc1 60. Qc4+ Kd1 61.
Qb3+ Kc1 62. Qc3+ Kb1 63. Ke2 Ka1 1-0

[Event "*** Titled Tuesday Blitz"]
[Site "Chess.com"]
[Date "2020.05.12"]
[Round "3"]
[White "Chesswizard_2007"]
[Black "Savva09022009"]
[Result "1-0"]
[WhiteElo "2586"]
[BlackElo "2388"]
[TimeControl "180+1"]
[EndTime "10:29:25 PDT"]
[Termination "Chesswizard_2007 won by resignation"]

1. d4 Nf6 2. c4 e6 3. Nf3 d5 4. Nc3 dxc4 5. e3 c5 6. Bxc4 Be7 7. O-O O-O 8. Qe2 Nc6 9. Rd1 Qc7 10.
Bb3 a6 11. a3 b6 12. d5 exd5 13. Nxd5 Nxd5 14. Bxd5 Bb7 15. e4 Rad8 16. Bg5 h6 17. Be3 Bf6 18. Rd2 Rfe8 19. Rad1 Ne5 20. Nxe5 Bxe5 21.
Bxb7 Rxd2 22. Rxd2 Qxb7 23. Qg4 Bd4 24. Bxd4 cxd4 25.
Rxd4 Qc6 26. Qe2 Qc1+ 27. Rd1 Rxe4 28. Rxc1 Rxe2 29. Rb1 b5 30. Kf1 Rc2 31. b4 Kf8 32. g3 Ke7 33. Rd1 Rc3 34. Ra1 Kd6 35. Kg2 Kd5 36. Rd1+ Kc4 37. Rd7 Rxa3 38. Rxf7 Kxb4 39. Rxg7 a5 40. Rg6 Rd3 41. Rxh6 a4 42. Ra6 a3 43. h4 Kb3 44. h5 b4 45. h6 Kb2 46. g4 a2 47.
Rxa2+ Kxa2 48. g5 Rd5 49. f4 b3 50. h7 Rd8 51. g6 b2 52. g7 b1=Q 53. g8=Q+ Rxg8+ 54. hxg8=Q+ 1-0

[Event "*** Titled Tuesday Blitz"]
[Site "Chess.com"]
[Date "2020.05.12"]
[Round "3"]
[White "AwesomeMango"]
[Black "dragos420"]
[Result "0-1"]
[WhiteElo "2236"]
[BlackElo "2508"]
[TimeControl "180+1"]
[EndTime "10:29:25 PDT"]
[Termination "dragos420 won by resignation"]

1. e4 e5 2. Nf3 Nc6 3. Bb5 g6 4. c3 Bg7 5. d4 exd4 6. cxd4 a6 7.
Ba4 b5 8. Bb3 Na5 9. Bc2 Ne7 10.
Nc3 O-O 11. O-O d6 12. Bf4 Nc4 13. b3 Na3 14. Bd3 c5 15. Qc1 b4 16. Ne2 Bg4 17. Qe3 Bxf3 18. Qxf3 Nc6 19. d5 Ne5 20. Bxe5 Bxe5 21.
Rac1 Nb5 22. Qh3 Nc3 23. f4 Nxe2+ 24. Bxe2 Bd4+ 25. Kh1 f5 26. exf5 Rxf5 27. Bg4 Rf6 28. Rce1 Qf8 29. g3 Re8 30. Re6 Rexe6 31. Bxe6+ Kg7 32.
Re1 a5 33. Qg2 Qa8 34. Qe2 Bc3 35. Rd1 a4 36. Qg4 axb3 37. axb3 Qa2 38. f5 Qxb3 39.
fxg6 Rxg6 40. Qf3 Qc2 41. Qf7+ Kh6 42. Qf4+ Rg5 43. Qh4+ Kg6 44. Rf1 Bf6 45. Bf7+ Kxf7 46. Qxg5 Qe4+ 47. Kg1 Qd4+ 48. Kh1 Qe4+ 49. Kg1 Qe5 50.
Qg4 Qxd5 51. Qd7+ Kg6 52. Qg4+ Qg5 53. Qxg5+ Bxg5 54. Rd1 Be3+ 55. Kg2 Bd4 56. Kf3 b3 57. Ke2 b2 58. Kd3 Kf5 59. h4 Kg4 60. Rb1 Kxg3 61.
Kc4 Kxh4 62. Kd5 Kg3 0-1

[Event "*** Titled Tuesday Blitz"]
[Site "Chess.com"]
[Date "2020.05.12"]
[Round "3"]
[White "madalin18"]
[Black "MichailovM"]
[Result "0-1"]
[WhiteElo "2182"]
[BlackElo "2415"]
[TimeControl "180+1"]
[EndTime "10:29:25 PDT"]
[Termination "MichailovM won by resignation"]

1. e4 c5 2. Nf3 d6 3. d4 cxd4 4. Nxd4 Nf6 5. Nc3 g6 6. f4 Nc6 7. Nxc6 bxc6 8. e5 Nd7 9. exd6 exd6 10. Be2 d5 11. O-O Bg7 12. f5 O-O 13. fxg6 hxg6 14. Bf4 Qa5 15. Kh1 Ba6 16. Bxa6 Qxa6 17. Bd6 Rfe8 18. Qf3 Nf6 19. Rae1 Rxe1 20. Rxe1 Qc4 21. h3 Re8 22. Rxe8+ Nxe8 23. Qf4 Qxf4 24. Bxf4 f5 25. Kg1 Kf7 26. Kf2 Ke6 27. Ke2 d4 28. Nd1 Kd5 29. Nf2 Nf6 30. Bb8 a6 31. Ba7 Ne4 32. Nd3 Bh6 33. g4 c5 34. gxf5 gxf5 35. h4 a5 36. Kf3 c4 37. Nf4+ Ke5 38. Ng6+ Kf6 39. Nf4 Nd2+ 40.
Ke2 Bxf4 41. Bxd4+ Ke6 42. h5 Ne4 43. Bc3 Nxc3+ 44.
bxc3 Bh6 45. Kf3 Ke5 46. a4 Bc1 47. Kg3 Ke4 48. Kf2 Bh6 49. Kg3 f4+ 50. Kf2 f3 51.
Kf1 Ke3 52. Ke1 Bg5 53. h6 Bxh6 54. Kf1 Bg5 55. Ke1 Bh4+ 56. Kd1 f2 57. Kc1 f1=Q+ 58. Kb2 Kd2 0-1

[Event "*** Titled Tuesday Blitz"]
[Site "Chess.com"]
[Date "2020.05.12"]
[Round "3"]
[White "Haykoooo0o"]
[Black "freshfoodcompany"]
[Result "1/2-1/2"]
[WhiteElo "2472"]
[BlackElo "2255"]
[TimeControl "180+1"]
[EndTime "10:29:26 PDT"]
[Termination "Game drawn - insufficient material"]

1. d4 d5 2. c4 e6 3. Nf3 Nf6 4. g3 dxc4 5. Bg2 Bd7 6. O-O Bc6 7. Nc3 Nbd7 8. Qc2 Bb4 9. Re1 O-O 10. e4 Nb6 11. Bg5 h6 12. Bf4 Bxc3 13. bxc3 Ba4 14. Qb2 Bc6 15. Ne5 Be8 16. Rad1 Qe7 17. h4 Ba4 18.
Rd2 Nfd7 19. h5 Nxe5 20. Bxe5 f6 21. Bf4 Rad8 22. e5 f5 23. Bxb7 c6 24. Ba6 Nd5 25. Qb7 Rd7 26. Qb2 Nxf4 27. gxf4 Qh4 28. Bxc4 Qg4+ 29.
Kf1 Qh3+ 30. Ke2 Qxh5+ 31. Ke3 Re8 32. Rg1 Qh3+ 33. Rg3 Qh1 34. Bb3 Bxb3 35. axb3 c5 36. Qc2 Rc8 37. d5 Rxd5 38. Rxd5 Qxd5 39. Rg1 Rd8 40. Ke2 c4 41. b4 Qd3+ 42. Qxd3 Rxd3 43. Ra1 Rxc3 44. Rxa7 Rb3 45. Rb7 Rb2+ 46. Ke3 Kh7 47. b5 c3 48. Rc7 Rxb5 49. Rxc3 Rd5 50. Kf3 Rd7 51. Rc6 Re7 52. Kg3 Kg6 53. Rc8 Kf7 54.
Rc6 g6 55. f3 g5 56. fxg5 hxg5 57. f4 gxf4+ 58. Kxf4 Rd7 59. Kg5 Ra7 60. Rb6 Re7 61. Rb8 Kg7 62. Rb6 Kf7 63. Rb8 Rd7 64. Rh8 Kg7 65. Rh6 Re7 66. Rg6+ Kh7 67. Kf6 Re8 68. Rg2 Rf8+ 69. Kxe6 f4 70. Ke7 f3 71. Rh2+ Kg7 72. Rf2 Rf4 73. e6 Kg6 74. Kd7 Kg5 75. e7 Rd4+ 76. Ke6 Re4+ 77. Kf7 Kf4 78. Ra2 Kg3 79. Ra3 Kg2 80. Ra4 Rxe7+ 81. Kxe7 f2 82. Rf4 f1=Q 83.
Rxf1 Kxf1 1/2-1/2

[Event "*** Titled Tuesday Blitz"]
[Site "Chess.com"]
[Date "2020.05.12"]
[Round "3"]
[White "Chessdude1987"]
[Black "RubensCezila"]
[Result "0-1"]
[WhiteElo "2172"]
[BlackElo "2477"]
[TimeControl "180+1"]
[EndTime "10:29:27 PDT"]
[Termination "RubensCezila won by checkmate"]

1. e4 c6 2. d4 d5 3. exd5 cxd5 4.
c4 Nf6 5. Nc3 g6 6. Nf3 Bg7 7.
cxd5 O-O 8. Bc4 Nbd7 9. d6 exd6 10. O-O Nb6 11. Bb3 Re8 12. d5 Ne4 13. Nxe4 Rxe4 14.
Be3 Bf5 15. Nd4 Bg4 16. Qd2 Qe7 17. Rfe1 Re8 18. Rec1 Rxe3 19. fxe3 Qxe3+ 20. Qxe3 Rxe3 21. Nb5 Bxb2 22. Re1 Rd3 23. Rab1 Be5 24. h3 Bd7 25. Nxa7 Nxd5 26. Bxd5 Rxd5 27. a4 Bd4+ 28. Kh1 Bf5 29. Rxb7 Ra5 30. Nc6 Rxa4 31. Nxd4 Rxd4 32. Rb8+ Kg7 33.
Rb7 Rf4 34. Ree7 Be4 35. Rb2 Rf1+ 36. Kh2 d5 37. Rd7 Rf6 38. Kg3 Re6 39. Kf4 Rf6+ 40.
Ke3 Rf1 41. Rf2 Re1+ 42. Kd4 Rg1 43. Rfxf7+ Kh6 44. Rxh7+ Kg5 45. h4+ Kg4 46. h5 gxh5 47.
Rhg7+ Kh4 48. Rdf7 Rxg2 49. Rf4+ Rg4 50. Rf2 Rxg7 51.
Rh2+ Kg3 52. Rb2 h4 53. Rb3+ Bf3 54. Ke5 h3 55. Rb2 h2 56. Rg2+ Bxg2 57. Kd4 h1=Q 58. Kc5 Qc1+ 59. Kd6 Qc7+ 60. Ke6 Qd7+ 61. Kf6 Qe7+ 62.
Kf5 Rg5# 0-1

[Event "*** Titled Tuesday Blitz"]
[Site "Chess.com"]
[Date "2020.05.12"]
[Round "3"]
[White "AquivaRubinstein"]
[Black "scabies1"]
[Result "1/2-1/2"]
[WhiteElo "2419"]
[BlackElo "2193"]
[TimeControl "180+1"]
[EndTime "10:29:27 PDT"]
[Termination "Game drawn by repetition"]

1. e4 c6 2. Nc3 d5 3. Nf3 Bg4 4. h3 Bxf3 5. Qxf3 e6 6. d4 dxe4 7. Qxe4 Nf6 8. Qd3 Be7 9. g3 O-O 10. Bg2 Nbd7 11. O-O Rc8 12. a4 a5 13. Bd2 b6 14.
Rfe1 Nd5 15. Ne4 c5 16. dxc5 Nxc5 17. Nxc5 Bxc5 18. c3 Qf6 19. Qf3 Rfd8 20. Rad1 h6 21. Qxf6 Nxf6 22. Bf4 Kf8 23. g4 Ke7 24. Bf3 Rxd1 25.
Rxd1 Rd8 26. Rxd8 Kxd8 27. Kf1 Nd5 28. Bd2 Bd6 29. Bxd5 exd5 30. Ke2 Kd7 31. Kd3 Kc6 32. b4 axb4 33. cxb4 Be7 34. Bc3 g6 35. f4 Bd6 36.
f5 h5 37. fxg6 fxg6 38. gxh5 gxh5 39. b5+ Kd7 40. Bd4 Bc7 41. Ke3 Ke6 42. Kf3 Kf5 43.
Ke3 Ke6 44. Kf3 Kf5 45. a5 bxa5 46. b6 Bb8 47. b7 a4 48. Bc5 h4 49. Ke3 Ke5 50.
Kd3 Kf4 51. Kd4 Kg3 52. Kxd5 Kxh3 53. Bd6 Ba7 54. Bc5 Bb8 55. Bd6 Ba7 56. Kc6 Kg2 57.
Bc5 Bb8 58. Bb6 a3 59. Bc7 Ba7 60. Bb6 Bb8 61. Bc7 Ba7 62. Bb6 Bb8 1/2-1/2

[Event "*** Titled Tuesday Blitz"]
[Site "Chess.com"]
[Date "2020.05.12"]
[Round "3"]
[White "Usurpov"]
[Black "dosto07"]
[Result "1/2-1/2"]
[WhiteElo "2441"]
[BlackElo "2261"]
[TimeControl "180+1"]
[EndTime "10:29:27 PDT"]
[Termination "Game drawn - insufficient material"]

1. e4 e5 2. Nf3 Nc6 3. Nc3 Nf6 4. d4 exd4 5. Nxd4 Bb4 6. Nxc6 bxc6 7. Bd3 d5 8. exd5 cxd5 9. O-O O-O 10. Qf3 c6 11. h3 h6 12. Bf4 Bd6 13. Rfe1 Rb8 14. b3 Be6 15. Rad1 Re8 16. Na4 Rb4 17. Bxd6 Qxd6 18. c4 Rbb8 19. cxd5 Bxd5 20. Qg3 Qxg3 21. fxg3 g5 22. Kf2 Kg7 23. Nc5 Rbd8 24. Rxe8 Rxe8 25. Rc1 Kf8 26. b4 Ke7 27. a3 Kd6 28. g4 Re7 29.
Rd1 Kc7 30. g3 h5 31. gxh5 Nxh5 32. Bf5 Nf6 33. Re1 Kd6 34. Rxe7 Kxe7 35. Ke3 Ne8 36. h4 gxh4 37. gxh4 Kf6 38. Be4 Nd6 39. Bxd5 cxd5 40. h5 Nf5+ 41. Kf4 d4 42. Ne4+ Ke6 43. Ng5+ Kf6 44.
Nh7+ Kg7 45. Kxf5 Kxh7 46. Ke4 Kh6 47. b5 Kxh5 48. a4 Kg4 49. a5 f5+ 50. Kxd4 f4 51.
b6 axb6 52. a6 f3 53. a7 f2 54. a8=Q f1=Q 55. Qg8+ Kh3 56. Qh7+ Kg2 57. Qg6+ Kh1 58. Qh5+ Kg1 59. Qg4+ Kh1 60. Qh4+ Kg1 61. Qg3+ Qg2 62. Qxg2+ Kxg2 63. Kc4 Kf3 64. Kb5 Ke4 65. Kxb6 1/2-1/2

[Event "*** Titled Tuesday Blitz"]
[Site "Chess.com"]
[Date "2020.05.12"]
[Round "3"]
[White "Jumbo"]
[Black "Korona_91"]
[Result "0-1"]
[WhiteElo "2820"]
[BlackElo "2459"]
[TimeControl "180+1"]
[EndTime "10:29:28 PDT"]
[Termination "Korona_91 won by resignation"]

1. d4 e6 2. Bf4 f5 3. c4 Nf6 4. Nc3 Bb4 5. e3 O-O 6. h3 b6 7. Bd3 Bb7 8. Nf3 Ne4 9. Qc2 d6 10. Rg1 Nd7 11. O-O-O Bxc3 12. bxc3 Qe7 13. Bh2 a6 14. d5 Ndc5 15. Nd4 Nxd3+ 16. Qxd3 Nxf2 17. Qd2 Nxd1 18. Nxe6 Nxe3 19. Qxe3 Rf6 20. Bg3 Rg6 21. Re1 Re8 22. Qd3 Qf7 23. Nf4 Rxe1+ 24. Bxe1 Rh6 25.
h4 Bc8 26. Qe3 Kf8 27. Qg3 Qe7 28. Bf2 Rf6 29. Bd4 Rf7 30. h5 Qe4 31. Kb2 b5 32. c5 b4 33. Qg5 bxc3+ 34. Kxc3 Qe1+ 35. Kc2 Qe4+ 36. Kc3 Qe7 37. Qg3 dxc5 38. Bf2 Qf6+ 39.
Kb3 Qb6+ 40. Kc2 Qb4 41. a3 Qc4+ 42. Kd2 Bd7 43. Nd3 Bb5 44. Bxc5+ Kg8 45. Qe3 Qxd5 46. Bd4 Bxd3 47. Qe8+ Rf8 48. Qe3 Be4 0-1

[Event "*** Titled Tuesday Blitz"]
[Site "Chess.com"]
[Date "2020.05.12"]
[Round "3"]
[White "MaxVavulin"]
[Black "Vaathi_Coming"]
[Result "0-1"]
[WhiteElo "2634"]
[BlackElo "2858"]
[TimeControl "180+1"]
[EndTime "10:29:29 PDT"]
[Termination "Vaathi_Coming won on time"]

1. e4 c5 2. Nf3 d6 3. d4 cxd4 4. Nxd4 Nf6 5. Nc3 a6 6. Qf3 g6 7.
h3 Bg7 8. Be3 O-O 9. O-O-O Nbd7 10. g4 Nc5 11. Kb1 Nfd7 12. Qg2 Re8 13. h4 b5 14. h5 Bb7 15. hxg6 fxg6 16. Qh3 Nf8 17. Bg2 b4 18. Nd5 e6 19. Nxb4 Bxe4 20. Bxe4 Nxe4 21.
f3 Nc5 22. Bh6 Qd7 23. Bxg7 Qxg7 24. c3 Rab8 25. Rhe1 Rb7 26. Qg3 e5 27. Ndc6 Qc7 28. f4 a5 29. Nd5 Qxc6 30. Nf6+ Kg7 31. Nxe8+ Qxe8 32. fxe5 dxe5 33. Rxe5 Qb5 34. Qf2 Nfe6 35. Red5 Qc4 36. Qd2 Qe4+ 37. Ka1 Qxg4 38. Qe3 Qe4 39.
Qxe4 Nxe4 40. Rxa5 Rf7 41. Re5 N6g5 42. a4 h5 43. a5 h4 44. a6 h3 45. Ra5 Ra7 46.
Rh1 Nf2 47. Rh2 Nge4 48. b4 g5 49. Kb2 g4 50. b5 g3 51. b6 gxh2 52. bxa7 h1=Q 53.
a8=Q Nd3+ 54. Ka3 Qa1+ 55. Kb3 Qxa5 56. Qb7+ Kf6 57. Qc6+ Ke5 0-1

[Event "*** Titled Tuesday Blitz"]
[Site "Chess.com"]
[Date "2020.05.12"]
[Round "3"]
[White "Yashasd1995"]
[Black "davigator"]
[Result "1-0"]
[WhiteElo "2579"]
[BlackElo "2380"]
[TimeControl "180+1"]
[EndTime "10:29:29 PDT"]
[Termination "Yashasd1995 won by resignation"]

1. b3 d5 2. Bb2 c5 3. e3 a6 4.
f4 Nc6 5. Be2 Nf6 6. Nf3 Bg4 7.
Ne5 Bxe2 8. Qxe2 Rc8 9. O-O e6 10. c4 Be7 11. Nc3 O-O 12. Rad1 d4 13. Nb1 Nb4 14.
a3 Nc6 15. d3 b5 16. Nd2 Nxe5 17. fxe5 Ne8 18. exd4 cxd4 19. Rf4 g5 20. Re4 Ng7 21. Nf3 Nf5 22. Nxd4 Bc5 23. Qf2 Qd7 24. b4 Bxd4 25. Bxd4 bxc4 26. Bc5 Rfd8 27. Rxc4 Qd5 28. Rg4 h6 29. h4 Qxe5 30. hxg5 h5 31. Rc4 Qg7 32. Qf4 Kh7 33. d4 Kg6 34. Rf1 Rd5 35. Qe4 Kxg5 36. Rc3 Kh6 37. Rh3 Qg5 38. Rf4 Rg8 39. a4 Rg6 40. b5 axb5 41. axb5 Rg8 42. b6 Ra8 43. Rf1 Kg7 44. Qf4 Qxf4 45. Rxf4 Rb8 46. Rxh5 Kg6 47. Rh3 f6 48. Rg4+ Kf7 49. Rh7+ Ke8 50. Rh8+ Kd7 51.
Rxb8 Kc6 52. Rc8+ Kb7 53. Rc7+ Ka6 54. Ra7+ Kb5 55. b7 Rd8 56. Ra8 Kc6 57. Rxd8 Kxb7 58.
Rd7+ Kc6 59. Rf7 Ne3 60. Re4 e5 61. Rxe3 exd4 62. Bxd4 Kd5 63. Bxf6 1-0

[Event "*** Titled Tuesday Blitz"]
[Site "Chess.com"]
[Date "2020.05.12"]
[Round "3"]
[White "Trankuilizer"]
[Black "nicolochessit"]
[Result "1-0"]
[WhiteElo "2553"]
[BlackElo "2344"]
[TimeControl "180+1"]
[EndTime "10:29:29 PDT"]
[Termination "Trankuilizer won by resignation"]

1. e4 e6 2. d4 d5 3. Nd2 Nc6 4. Ngf3 Nf6 5. e5 Nd7 6. c3 f6 7. Bb5 fxe5 8. dxe5 Be7 9. O-O O-O 10. Re1 Nc5 11.
Nd4 Bd7 12. Bxc6 bxc6 13. b4 Nd3 14. Re2 Nf4 15. N2b3 Nxe2+ 16. Qxe2 a5 17. a3 axb4 18. cxb4 Qb8 19. h3 Qa7 20. Qg4 Rf7 21. Bg5 Bf8 22.
Be3 Qa6 23. Qd1 Qa4 24. Qc1 Rb8 25. Nc5 Bxc5 26. Qxc5 Qa8 27. a4 Qb7 28. Nc2 Qb6 29.
Qc3 Qb7 30. Bc5 Rf5 31. Qe3 Rbf8 32. Bxf8 Rxf8 33. a5 Rb8 34. a6 Qb6 35. a7 Ra8 36.
Qc5 Qxc5 37. bxc5 Kf7 38. Nd4 Ke7 39. f4 Kd8 40. g4 g6 41. Kf2 Kc8 42. Kg3 Kb7 43.
Kh4 Rxa7 44. Rxa7+ Kxa7 45. Kg5 Ka6 46. Kh6 Ka5 47.
Kxh7 Kb4 48. Kxg6 Kxc5 49. Nf3 d4 50. h4 d3 51. h5 Kd5 52. h6 Ke4 53. Nd2+ Ke3 54.
Nb3 c5 55. h7 c4 56. h8=Q cxb3 57. Qh3+ Ke2 58. Qg2+ Ke3 59. Qb2 Ba4 60. Qc3 Ke2 61.
f5 d2 62. Qc4+ Kf2 63. Qd4+ Ke1 64. Qe4+ Kd1 65. Qxa4 Kc2 66. Qc4+ Kb2 67. Qd3 1-0

[Event "*** Titled Tuesday Blitz"]
[Site "Chess.com"]
[Date "2020.05.12"]
[Round "3"]
[White "attack2mateU"]
[Black "swimmerchess"]
[Result "0-1"]
[WhiteElo "2619"]
[BlackElo "2832"]
[TimeControl "180+1"]
[EndTime "10:29:31 PDT"]
[Termination "swimmerchess won by resignation"]

1. e4 e5 2. Nf3 Nc6 3. Bb5 a6 4. Ba4 Nf6 5. O-O Be7 6. Re1 b5 7. Bb3 d6 8. c3 O-O 9. h3 Bb7 10. d4 Re8 11. a3 Bf8 12. Nbd2 h6 13. Bc2 Nb8 14. a4 Nbd7 15. Bd3 c6 16. b3 g6 17. Bb2 Nh5 18. g3 Ng7 19. Qc2 Ne6 20. Bf1 Bg7 21. h4 Qb6 22. a5 Qa7 23. Bh3 Rad8 24.
Rad1 b4 25. Nc4 bxc3 26. Bxc3 exd4 27. Nxd6 dxc3 28. Nxe8 Nd4 29. Nxd4 Bxd4 30. Bxd7 Ba8 31. e5 c5 32. Nf6+ Kg7 33. Bh3 Qb7 34. Kh2 Qf3 35. Rd3 Qc6 36. Ne4 Re8 37. Nxc3 g5 38. hxg5 hxg5 39.
Ne4 Qg6 40. f3 Rh8 41. Kg2 Qh5 42. Rh1 g4 43. Rxd4 gxh3+ 44. Kf2 cxd4 45. Qc5 d3 46.
Qd4 Bxe4 47. e6+ f6 48. Qxe4 Qc5+ 49. Kf1 Qc1+ 50. Kf2 Qd2+ 51. Kf1 Qg2+ 52. Ke1 Qxh1+ 53. Kd2 Qg2+ 54. Kc3 Rc8+ 55. Kb4 Qd2+ 56. Ka4 Rc5 57. Qg4+ Kf8 58. e7+ Kxe7 59. Qe4+ Re5 60. Qb7+ Kf8 61. Qc8+ Kg7 62. Qd7+ Kg6 63. Qd8 Rxa5+ 64. Qxa5 Qxa5+ 65. Kxa5 d2 0-1

[Event "*** Titled Tuesday Blitz"]
[Site "Chess.com"]
[Date "2020.05.12"]
[Round "3"]
[White "Caterpiller35"]
[Black "Snegokhod"]
[Result "1/2-1/2"]
[WhiteElo "2356"]
[BlackElo "2537"]
[TimeControl "180+1"]
[EndTime "10:29:31 PDT"]
[Termination "Game drawn by repetition"]

1. d4 Nf6 2. Bg5 Ne4 3. Bf4 d5 4. e3 c5 5. Bd3 cxd4 6. Bxe4 dxe4 7. Qxd4 Qxd4 8. exd4 Nc6 9. c3 Bf5 10. Nd2 f6 11. f3 exf3 12. Ngxf3 g5 13. Bg3 h5 14. O-O Bd3 15. Rfe1 h4 16. Bf2 Kf7 17. d5 Nb8 18. Nd4 Nd7 19. Re3 Bg6 20. Rae1 Rc8 21. Ne6 Ne5 22. Nxg5+ Kg8 23. Ngf3 Nd3 24. Nxh4 Bh7 25. Rxe7 Bxe7 26. Rxe7 Nxb2 27. Rxb7 Nd3 28. Bd4 Ne5 29. Nhf3 Nxf3+ 30. Nxf3 Be4 31. Bxf6 Bxd5 32. Rg7+ Kf8 33. Ne5 Rh6 34. Nd7+ Ke8 35. Re7+ Kd8 36. Bg5 Re6 37.
Rxe6+ Kxd7 38. Re7+ Kd6 39. Rxa7 Rxc3 40. Bf4+ Ke6 41.
Ra6+ Kf5 42. Ra5 Ke6 43. h4 Rc2 44. Rxd5 Kxd5 45. Kh2 Ke4 46. Bg5 Rxa2 47. Kg3 Kf5 48. Be3 Ra3 49. Kf3 Ra4 50. g3 Rb4 51. h5 Ra4 52. h6 Kg6 53. Bf4 Ra3+ 54. Kg4 Ra5 55. Kf3 Rb5 56. Ke4 Rc5 57. Kd4 Rb5 58. Ke4 Ra5 59. Kf3 Rb5 60. Ke4 1/2-1/2